 Dungeon Crawl Stone Soup version 0.17.1-3-g152610e (webtiles) character file.

88 Gargoyl the Skirmisher (level 4, -1/37 HPs)
             Began as a Demonspawn Abyssal Knight on Mar 2, 2016.
             Was a Follower of Lugonu.
             Slain by Natasha (4 damage)
             ... on level 2 of the Dungeon.
             The game lasted 00:03:51 (1918 turns).

Gargoyl the Skirmisher (Demonspawn Abyssal Knight)  Turns: 1918, Time: 00:03:51

Health: -1/37      AC: 10    Str: 13      XL:     4   Next: 30%
Magic:  6/6        EV:  6    Int: 14      God:    Lugonu [*.....]
Gold:   158        SH:  0    Dex: 10 (12) Spells: 0 memorised, 3 levels left

rFire  + . .     SeeInvis .     a - +1 hand axe
rCold  . . .     Clarity  .     d - +0 chain mail
rNeg   + . .     SustAt   .     (no shield)
rPois  +         Gourm    .     (no helmet)
rElec  .         Spirit   .     i - +1 cloak
rCorr  .         Warding  .     (no gloves)
rMut   .         Stasis   .     (no boots)
MR     .....                    (no amulet)
Stlth  ..........               q - ring of poison resistance
                                e - ring of Kohe {rF+ rN+ Stlth+}

@: slowed, very slow, not resistant to hostile enchantments, extremely
unstealthy
A: hooves 2, rot immunity
a: Depart the Abyss, Renounce Religion


You were on level 2 of the Dungeon.
You worshipped Lugonu.
Lugonu was aware of your devotion.
You were hungry.

You visited 1 branch of the dungeon, and saw 2 of its levels.
You visited the Abyss 1 time.

You collected 158 gold pieces.

Inventory:

Hand Weapons
 a - a +1 hand axe (weapon)
Missiles
 j - 7 javelins (quivered)
Armour
 d - a +0 chain mail (worn)
 i - a +1 cloak (worn)
Jewellery
 e - the ring of Kohe (left hand) {rF+ rN+ Stlth+}
   (You found it on level 2 of the Abyss)

   [ring of stealth]

   It protects you from fire.
   It protects you from negative energy.
   It makes you more stealthy.
 q - a ring of poison resistance (right hand)
Scrolls
 f - 2 scrolls of identify {unknown}
 g - a scroll of enchant weapon {unknown}
 m - a scroll of immolation {unknown}
 n - a scroll of remove curse {unknown}
Potions
 h - a potion of mutation {unknown}
 k - a potion of haste {unknown}
 l - a potion of resistance {unknown}
 o - a potion of flight {unknown}
 p - a potion of heal wounds {unknown}
 s - a potion of degeneration
Books
 r - a book of Annihilations

   Spells                             Type                      Level
   a - Poison Arrow                   Conjuration/Poison           6
   b - Chain Lightning                Conjuration/Air              8
   c - Lehudib's Crystal Spear        Conjuration/Earth            8
   d - Glaciate                       Conjuration/Ice              9
   e - Fire Storm                     Conjuration/Fire             9
Comestibles
 b - 5 fruits
 c - 2 bread rations


   Skills:
 + Level 3.8 Fighting
 + Level 2.1 Axes
 + Level 2.0 Armour
 + Level 2.0 Dodging
 + Level 1.1 Stealth
 + Level 2.9 Invocations


You had 3 spell levels left.
You didn't know any spells.

Dungeon Overview and Level Annotations

Branches:
Dungeon (2/15)

Altars:
Dithmenos
Vehumet

Annotations:
D:2 Natasha


Innate Abilities, Weirdness & Mutations

You have hoof-like feet.
You are immune to rotting.


Message History

The white imp gestures at you. The puff of frost hits you!
You hit Natasha. You kick Natasha, but do no damage.
Natasha is almost dead.
You closely miss the white imp.
The white imp is heavily wounded.
Natasha claws you but does no damage.
The white imp hits you but does no damage.
Natasha barely misses you. The white imp barely misses you.
Your chain mail prevents you from hitting Natasha.
Natasha is almost dead.
You completely miss the white imp.
The white imp is heavily wounded.
Natasha stares at you and mumbles some strange words.
You resist with some effort. The white imp gestures at you.
The puff of frost hits you!
* * * LOW HITPOINT WARNING * * *
Natasha claws you.
You die...

#.# #.......######## ####
####.###.......# #
#..............###############
#.............................
#.........####.#.#############
#.........# #.#.# #
#.........# #.#.#
#.........####.#.#
#...........5@.#.#
#...........h..#.#
.....(......#.# .........#.#
.........# .........# #
.........# # ########.. # #


You could see Natasha and a white imp.

Vanquished Creatures
  Terence (D:2)
  2 adders (D:2)
  An ooze (D:2)
  2 worms (D:2)
  2 giant geckos (D:1)
  7 bats
  3 hobgoblins
  2 jackals (D:2)
  3 giant newts (D:2)
  4 goblins
  3 kobolds
  6 rats
36 creatures vanquished.

Notes
Turn   | Place    | Note
--------------------------------------------------------------
     0 | Abyss:1  | Gargoyl the Demonspawn Abyssal Knight began the quest for the Orb.
     0 | Abyss:1  | Reached XP level 1. HP: 18/18 MP: 2/2
    18 | Abyss:2  | Got an ancient platinum ring
    19 | Abyss:2  | Identified the ring of Kohe {rF+ rN+ Stlth+} (You found it on level 2 of the Abyss)
    20 | D:1      | Escaped the Abyss
   193 | D:1      | Reached * piety under Lugonu
   193 | D:1      | Gained mutation: You have large cloven feet. [demonic ancestry]
   193 | D:1      | Reached XP level 2. HP: 24/24 MP: 4/4
   476 | D:1      | Reached skill level 1 in Dodging
   947 | D:2      | Gained mutation: You are immune to rotting. [demonic ancestry]
   947 | D:2      | Reached XP level 3. HP: 14/29 MP: 5/5
  1185 | D:2      | Noticed Terence
  1186 | D:2      | Found a shadowy altar of Dithmenos.
  1227 | D:2      | Killed Terence
  1440 | D:2      | Gained mutation: You have hoof-like feet. [demonic ancestry]
  1440 | D:2      | Reached XP level 4. HP: 29/37 MP: 6/6
  1538 | D:2      | Found a radiant altar of Vehumet.
  1546 | D:2      | Reached skill level 1 in Stealth
  1906 | D:2      | Noticed Natasha
  1918 | D:2      | Slain by Natasha

Action                   |  1- 3 |  4- 6 || total
-------------------------+-------+-------++-------
Melee: Hand axe          |   130 |    35 ||   165
Invok: Depart the Abyss  |     1 |       ||     1
  Use: Potion            |     2 |       ||     2
 Stab: Sleeping          |     2 |       ||     2
  Eat: Chunk             |     1 |     2 ||     3
